TOP OF THE 1ST |
Spokane Indians batting - Pitching for Lowell Spinners : RHP Mike Schroeder
|
Pitching: RHP Mike Schroeder
|
|
Batting: RHB Joe Kemp
|
0-0: Ball 1-0: Swinging Strike 1-1: Foul Ball, location: 2F 1-2: Foul Ball, location: 2F 1-2: Ball 2-2: Foul Ball, location: 2F 2-2: Foul Ball, location: 2F 2-2: Ball 3-2: Base on Balls
|
Batting: RHB Roberto Contreras
|
0-0: Ball 1-0: Called Strike Joe Kemp steals 2nd base (no throw) 1-1: Ball 2-1: Ball 3-1: Base on Balls
|
Batting: LHB William Hanley
|
0-0: Ball 1-0: Called Strike Joe Kemp steals 3rd base Roberto Contreras to second 1-1: Foul Ball, location: 2F 1-2: Foul Ball, location: 2F 1-2: Ground out 4-3 (Groundball, 4, EV 77.5 MPH) Joe Kemp scores Roberto Contreras to third
|
Batting: RHB Salvador Caldera
|
0-0: Ball 1-0: Swinging Strike 1-1: Ball 2-1: Foul Ball, location: 2F 2-2: Ball 3-2: Ground out 6-3 (Groundball, 6, EV 109.4 MPH) Roberto Contreras scores
|
Batting: SHB Alvare Bairro
|
0-0: Ball 1-0: Called Strike 1-1: Called Strike 1-2: Strikes out looking
|
Top of the 1st over - 2 runs, 0 hits, 0 errors, 0 left on base; Spokane 2 - Lowell 0 |
BOTTOM OF THE 1ST |
Lowell Spinners batting - Pitching for Spokane Indians : RHP Marc Duncan
|
Pitching: RHP Marc Duncan
|
|
Batting: RHB Larry Brocato
|
0-0: Ball 1-0: Called Strike 1-1: Ball 2-1: Ground out 5-3 (Groundball, 56, EV 106.9 MPH)
|
Batting: LHB Nelis Geurts
|
0-0: Foul Ball, location: 2F 0-1: SINGLE (Line Drive, 78S, EV 95.6 MPH)
|
Batting: RHB Guillermo Quintero
|
0-0: Swinging Strike 0-1: Foul Ball, location: 2F 0-2: Strikes out swinging
|
Batting: LHB Noel Young
|
0-0: Ball 1-0: Ball 2-0: Foul Ball, location: 2F 2-1: Foul Ball, location: 2F 2-2: Ball 3-2: Foul Ball, location: 2F 3-2: Foul Ball, location: 2F 3-2: Base on Balls Nelis Geurts to second
|
Batting: RHB Joel Vazquez
|
0-0: Ball 1-0: Ball 2-0: Foul Ball, location: 2F 2-1: Swinging Strike 2-2: Foul Ball, location: 2F 2-2: Fly out, F4 (Line Drive, 4, EV 65.6 MPH)
|
Bottom of the 1st over - 0 runs, 1 hit, 0 errors, 2 left on base; Spokane 2 - Lowell 0 |
TOP OF THE 2ND |
Spokane Indians batting - Pitching for Lowell Spinners : RHP Mike Schroeder
|
Batting: LHB Yat-sen Zhu
|
0-0: Ball 1-0: Swinging Strike 1-1: Ball 2-1: Ground out 4-3 (Groundball, 4, EV 84.4 MPH)
|
Batting: RHB Zi-jing Wang
|
0-0: Ball 1-0: Called Strike 1-1: Ball 2-1: Ball 3-1: Swinging Strike 3-2: Strikes out swinging
|
Batting: RHB Dave Brabo
|
0-0: Called Strike 0-1: Swinging Strike 0-2: Ball 1-2: Strikes out swinging
|
Top of the 2nd over - 0 runs, 0 hits, 0 errors, 0 left on base; Spokane 2 - Lowell 0 |
BOTTOM OF THE 2ND |
Lowell Spinners batting - Pitching for Spokane Indians : RHP Marc Duncan
|
Batting: RHB Jose Diaz
|
0-0: Ball 1-0: Ground out 5-3 (Groundball, 56S, EV 82.5 MPH)
|
Batting: RHB Bobby Schimke
|
0-0: Ball 1-0: Ball 2-0: Ball 3-0: Called Strike 3-1: Fly out, F8 (Flyball, 8LD, EV 97.5 MPH)
|
Batting: RHB Nick Cottrell
|
0-0: Swinging Strike 0-1: Ball 1-1: Swinging Strike 1-2: Ball 2-2: Ball 3-2: Strikes out swinging
|
Bottom of the 2nd over - 0 runs, 0 hits, 0 errors, 0 left on base; Spokane 2 - Lowell 0 |
TOP OF THE 3RD |
Spokane Indians batting - Pitching for Lowell Spinners : RHP Mike Schroeder
|
Batting: RHB Roberto Monzon
|
0-0: Ball 1-0: Called Strike 1-1: Swinging Strike 1-2: Ball 2-2: Strikes out swinging
|
Batting: RHB Joe Kemp
|
0-0: Ball 1-0: Swinging Strike 1-1: DOUBLE (Flyball, 8RXD, EV 98.1 MPH)
|
Batting: RHB Roberto Contreras
|
0-0: Ball Joe Kemp steals 3rd base 1-0: Ball 2-0: Ball 3-0: Called Strike 3-1: Ground out 5-3 (Groundball, 56S, EV 89.4 MPH) Joe Kemp scores
|
Batting: LHB William Hanley
|
0-0: Ground out 1-3 (Groundball, 15S, EV 75.0 MPH)
|
Top of the 3rd over - 1 run, 1 hit, 0 errors, 0 left on base; Spokane 3 - Lowell 0 |
BOTTOM OF THE 3RD |
Lowell Spinners batting - Pitching for Spokane Indians : RHP Marc Duncan
|
Batting: RHB Jose Conde
|
0-0: Called Strike 0-1: Called Strike 0-2: Ball 1-2: Ball 2-2: Foul Ball, location: 2F 2-2: Strikes out swinging
|
Batting: RHB Larry Brocato
|
0-0: Ball 1-0: Ball 2-0: Ball 3-0: Base on Balls
|
Batting: LHB Nelis Geurts
|
0-0: Ball 1-0: Ball 2-0: Foul Ball, location: 2F 2-1: Fielders Choice at 2nd, 3-6 (Groundball, 3, EV 78.8 MPH)
|
Batting: RHB Guillermo Quintero
|
0-0: Called Strike Nelis Geurts steals 2nd, throwing error, E2 Nelis Geurts to third 0-1: Called Strike 0-2: Fly out, F8 (Flyball, 78XD, EV 96.9 MPH)
|
Bottom of the 3rd over - 0 runs, 0 hits, 1 error, 1 left on base; Spokane 3 - Lowell 0 |
TOP OF THE 4TH |
Spokane Indians batting - Pitching for Lowell Spinners : RHP Mike Schroeder
|
Batting: RHB Salvador Caldera
|
0-0: Ball 1-0: Ball 2-0: Foul Ball, location: 2F 2-1: Ground out 5-3 (Groundball, 56, EV 87.5 MPH)
|
Batting: SHB Alvare Bairro
|
0-0: Ground out 4-3 (Groundball, 4S, EV 67.5 MPH)
|
Batting: LHB Yat-sen Zhu
|
0-0: Ball 1-0: Called Strike 1-1: Called Strike 1-2: Fly out, F7 (Flyball, 7S, EV 75.6 MPH)
|
Top of the 4th over - 0 runs, 0 hits, 0 errors, 0 left on base; Spokane 3 - Lowell 0 |
BOTTOM OF THE 4TH |
Lowell Spinners batting - Pitching for Spokane Indians : RHP Marc Duncan
|
Batting: LHB Noel Young
|
0-0: Called Strike 0-1: Ball 1-1: TRIPLE (Line Drive, 89XD, EV 103.8 MPH)
|
Batting: RHB Joel Vazquez
|
0-0: Called Strike 0-1: Ball 1-1: Ball 2-1: Ground out 5-3 (Groundball, 5L, EV 103.1 MPH)
|
Batting: RHB Jose Diaz
|
0-0: SINGLE (Groundball, 6MD, EV 103.1 MPH) Noel Young scores
|
Batting: RHB Bobby Schimke
|
0-0: Called Strike 0-1: Foul Ball, location: 2F 0-2: Grounds into double play, 5-4-3 (Groundball, 56, EV 83.1 MPH)
|
Bottom of the 4th over - 1 run, 2 hits, 0 errors, 0 left on base; Spokane 3 - Lowell 1 |
TOP OF THE 5TH |
Spokane Indians batting - Pitching for Lowell Spinners : RHP Mike Schroeder
|
Batting: RHB Zi-jing Wang
|
0-0: Ball 1-0: Fly out, F8 (Line Drive, 8RM, EV 104.4 MPH)
|
Batting: RHB Dave Brabo
|
0-0: Ball 1-0: Ball 2-0: Foul Ball, location: 2F 2-1: SINGLE (Flyball, 7S, EV 85.0 MPH)
|
Batting: RHB Roberto Monzon
|
0-0: Called Strike Dave Brabo is caught stealing 2nd base 2-4 0-1: Fly out, F8 (Line Drive, 8RD, EV 84.4 MPH)
|
Top of the 5th over - 0 runs, 1 hit, 0 errors, 0 left on base; Spokane 3 - Lowell 1 |
BOTTOM OF THE 5TH |
Lowell Spinners batting - Pitching for Spokane Indians : RHP Marc Duncan
|
Batting: RHB Nick Cottrell
|
0-0: Ground out 1-3 (Groundball, 13S, EV 70.0 MPH)
|
Batting: RHB Jose Conde
|
0-0: Ball 1-0: Called Strike 1-1: Ball 2-1: Foul Ball, location: 2F 2-2: Strikes out swinging
|
Batting: RHB Larry Brocato
|
0-0: Ball 1-0: Foul Ball, location: 2F 1-1: Ball 2-1: SINGLE (Line Drive, 6D, EV 103.8 MPH)
|
Batting: LHB Nelis Geurts
|
0-0: Ball 1-0: Called Strike 1-1: Ball 2-1: Swinging Strike 2-2: Ball 3-2: Ground out 4-3 (Groundball, 4M, EV 89.4 MPH)
|
Bottom of the 5th over - 0 runs, 1 hit, 0 errors, 1 left on base; Spokane 3 - Lowell 1 |
TOP OF THE 6TH |
Spokane Indians batting - Pitching for Lowell Spinners : RHP Mike Schroeder
|
Batting: RHB Joe Kemp
|
0-0: Ball 1-0: Called Strike 1-1: Called Strike 1-2: SINGLE (Line Drive, 8RS, EV 107.5 MPH)
|
Batting: RHB Roberto Contreras
|
0-0: Ball Joe Kemp steals 2nd base 1-0: Foul Ball, location: 2F 1-1: Ball 2-1: Ball 3-1: Called Strike 3-2: SINGLE (Line Drive, 6MD, EV 105.6 MPH) Joe Kemp to third
|
Batting: LHB William Hanley
|
0-0: Called Strike 0-1: Called Strike 0-2: Ball 1-2: Grounds into double play, 4-6-3 (Groundball, 34, EV 83.8 MPH) Joe Kemp scores
|
Batting: RHB Salvador Caldera
|
0-0: Called Strike 0-1: Ball 1-1: Ball 2-1: Ground out 6-3 (Groundball, 6, EV 86.3 MPH)
|
Top of the 6th over - 1 run, 2 hits, 0 errors, 0 left on base; Spokane 4 - Lowell 1 |
BOTTOM OF THE 6TH |
Lowell Spinners batting - Pitching for Spokane Indians : RHP Marc Duncan
|
Batting: RHB Guillermo Quintero
|
0-0: Called Strike 0-1: Ball 1-1: Called Strike 1-2: Ball 2-2: Ball 3-2: Ground out U3 (Groundball, 34, EV 100.6 MPH)
|
Batting: LHB Noel Young
|
0-0: Called Strike 0-1: Ball 1-1: Foul Ball, location: 2F 1-2: Ball 2-2: SINGLE (Groundball, 34D, EV 102.5 MPH)
|
Batting: RHB Joel Vazquez
|
0-0: Swinging Strike 0-1: Called Strike 0-2: Strikes out swinging
|
Batting: RHB Jose Diaz
|
0-0: Fielders Choice at 2nd, 5-4 (Groundball, 56, EV 101.3 MPH)
|
Bottom of the 6th over - 0 runs, 1 hit, 0 errors, 1 left on base; Spokane 4 - Lowell 1 |
TOP OF THE 7TH |
Spokane Indians batting - Pitching for Lowell Spinners : RHP Mike Schroeder
|
Pitching: LHP Joe Starcher
|
|
Batting: SHB Alvare Bairro
|
0-0: Foul Ball, location: 2F 0-1: Ball 1-1: Foul Ball, location: 2F 1-2: Strikes out swinging
|
Pinch Hitting: RHB Justin Aslinger
|
0-0: Ball 1-0: Swinging Strike 1-1: Called Strike 1-2: Ball 2-2: Ground out 5-3 (Groundball, 56S, EV 85.6 MPH)
|
Batting: RHB Zi-jing Wang
|
0-0: Swinging Strike 0-1: Swinging Strike 0-2: Fly out, F6 (Popup, 4MD, EV 59.4 MPH)
|
Top of the 7th over - 0 runs, 0 hits, 0 errors, 0 left on base; Spokane 4 - Lowell 1 |
BOTTOM OF THE 7TH |
Lowell Spinners batting - Pitching for Spokane Indians : RHP Marc Duncan
|
Now at 1B: Justin Aslinger
|
|
Now at 3B: Alex Vasquez
|
|
Batting: RHB Bobby Schimke
|
0-0: Fly out, F7 (Flyball, 78M, EV 93.1 MPH)
|
Batting: RHB Nick Cottrell
|
0-0: Ball 1-0: Ground out 5-3 (Groundball, 56, EV 83.1 MPH)
|
Batting: RHB Jose Conde
|
0-0: Called Strike 0-1: Fly out, F4 (Popup, 4M, EV 54.4 MPH)
|
Bottom of the 7th over - 0 runs, 0 hits, 0 errors, 0 left on base; Spokane 4 - Lowell 1 |
TOP OF THE 8TH |
Spokane Indians batting - Pitching for Lowell Spinners : LHP Joe Starcher
|
Pitching: RHP Matthew Baird
|
|
Batting: RHB Dave Brabo
|
0-0: Called Strike 0-1: Ball 1-1: Ball 2-1: SINGLE (Groundball, 6MD, EV 99.4 MPH)
|
Batting: RHB Roberto Monzon
|
0-0: Ball 1-0: Called Strike Dave Brabo steals 2nd base 1-1: Swinging Strike 1-2: Ball 2-2: Ground out 4-3 (Groundball, 4, EV 100.0 MPH) Dave Brabo to third
|
Batting: RHB Joe Kemp
|
0-0: Called Strike 0-1: Fly out, F4 (Flyball, 4D, EV 95.0 MPH)
|
Batting: RHB Alex Vasquez
|
0-0: Ball 1-0: Called Strike 1-1: Ground out 5-3 (Groundball, 56, EV 108.8 MPH)
|
Top of the 8th over - 0 runs, 1 hit, 0 errors, 1 left on base; Spokane 4 - Lowell 1 |
BOTTOM OF THE 8TH |
Lowell Spinners batting - Pitching for Spokane Indians : RHP Marc Duncan
|
Pitching: LHP Juan Garmendez
|
|
Now at 2B: Alex Vasquez
|
|
Now at 3B: Knud Prins
|
|
Batting: RHB Larry Brocato
|
0-0: Ball 1-0: Foul Ball, location: 2F 1-1: Ground out 5-3 (Groundball, 5S, EV 68.1 MPH)
|
Batting: RHB Jesus Montoya
|
0-0: Ball 1-0: Ball 2-0: Ball 3-0: Called Strike 3-1: Base on Balls
|
Batting: RHB Guillermo Quintero
|
0-0: Called Strike 0-1: Ball 1-1: Foul Ball, location: 2F 1-2: Foul Ball, location: 2F 1-2: Grounds into double play, 4-6-3 (Groundball, 4, EV 103.8 MPH)
|
Bottom of the 8th over - 0 runs, 0 hits, 0 errors, 0 left on base; Spokane 4 - Lowell 1 |
TOP OF THE 9TH |
Spokane Indians batting - Pitching for Lowell Spinners : RHP Matthew Baird
|
Pitching: RHP Jimmy Scali
|
|
Batting: LHB William Hanley
|
0-0: DOUBLE (Groundball, 3L, EV 108.1 MPH)
|
Batting: RHB Salvador Caldera
|
0-0: Ball 1-0: Ball 2-0: Foul Ball, location: 2F 2-1: Ball 3-1: Called Strike 3-2: TRIPLE (Line Drive, 9LD, EV 105.6 MPH) William Hanley scores
|
Batting: SHB Alvare Bairro
|
0-0: Called Strike 0-1: Ball 1-1: Ball 2-1: Foul Ball, location: 2F 2-2: Ball 3-2: SINGLE (Groundball, 6MD, EV 96.3 MPH) Salvador Caldera scores
|
Batting: RHB Justin Aslinger
|
0-0: Called Strike Alvare Bairro steals 2nd base 0-1: SINGLE (Groundball, 4S, EV 67.5 MPH) (infield hit) Alvare Bairro to third
|
Batting: RHB Zi-jing Wang
|
0-0: Ball 1-0: Called Strike 1-1: Foul Ball, location: 2F 1-2: Ball 2-2: Strikes out swinging
|
Batting: RHB Dave Brabo
|
0-0: Called Strike Justin Aslinger steals 2nd base 0-1: Ground out U3 (Groundball, 34, EV 109.4 MPH) Alvare Bairro scores Justin Aslinger to third
|
Pitching: RHP Ricardo Bautista
|
|
Batting: RHB Knud Prins
|
0-0: Ball 1-0: Fly out, F7 (Flyball, 7LS, EV 88.8 MPH)
|
Top of the 9th over - 3 runs, 4 hits, 0 errors, 1 left on base; Spokane 7 - Lowell 1 |
BOTTOM OF THE 9TH |
Lowell Spinners batting - Pitching for Spokane Indians : LHP Juan Garmendez
|
Batting: LHB Noel Young
|
0-0: Ground out 4-3 (Groundball, 4, EV 98.1 MPH)
|
Batting: RHB Joel Vazquez
|
0-0: Swinging Strike 0-1: Ball 1-1: Foul Ball, location: 2F 1-2: Strikes out swinging
|
Batting: RHB Jose Diaz
|
0-0: Called Strike 0-1: Ball 1-1: Foul Ball, location: 2F 1-2: Ball 2-2: Ball 3-2: Strikes out looking
|
Bottom of the 9th over - 0 runs, 0 hits, 0 errors, 0 left on base; Spokane 7 - Lowell 1 |
|